 Dungeon Crawl Stone Soup version 0.31-a0-588-g14bffd4ff3 (webtiles) character file.

Game seed: 17271876644074392961

1625 Descartes the Shield-Bearer (level 8, -2/42 HPs)
             Began as a Vine Stalker Fighter on Aug 19, 2023.
             Was an Initiate of Gozag.
             Killed from afar by an acid dragon (17 damage)
             ... with a splash of acid
             ... on level 6 of the Dungeon.
             The game lasted 00:08:04 (4818 turns).

Descartes the Shield-Bearer (Vine Stalker Fighter)  Turns: 4818, Time: 00:08:06

Health: -2/42      AC:  0    Str: 20    XL:     8   Next: 97%
Magic:  0/15       EV: 11    Int: 10    God:    Gozag
Gold:   505        SH:  5    Dex: 15    Spells: 15/15 levels left

rFire   . . .        A - +2 war axe (heavy)
rCold   . . .        c - +0 buckler
rNeg    + . .        C - +2 toga "Victory" {*Victory Int+2 Slay+2 Clar}
rPois   +            v - +0 helmet
rElec   .            b - +0 cloak
rCorr   .            (no gloves)
SInv    .            z - +0 pair of boots
Will    +....        (no amulet)
Stlth   +            l - ring of poison resistance
HPRegen 1.07/turn    y - ring of positive energy
MPRegen 0.14/turn

%: clarity, guardian spirit
@: corroded
A: fangs 3, regeneration 1, magic shield, antimagic bite, no potion heal 2
a: Renounce Religion, Potion Petition, Call Merchant, Bribe Branch


You were on level 6 of the Dungeon.
You worshipped Gozag.
Gozag was pleased with you.
You visited 2 branches of the dungeon, and saw 8 of its levels.

You collected 588 gold pieces.
You paid 83 gold pieces to Gozag.

Inventory:

Hand Weapons
 A - a +2 heavy war axe (weapon)
Missiles
 i - 13 poisoned darts
 u - 6 boomerangs
Armour
 b - a +0 cloak (worn)
 c - a +0 buckler (worn)
 t - a +0 plate armour
 v - a +0 helmet (worn)
 z - a +0 pair of boots (worn)
 C - the +2 toga "Victory" (worn) {*Victory Int+2 Slay+2 Clar}
   (You found it on level 5 of the Dungeon)

   *Victory:  When the wearer kills a threatening monster, it has a chance to
   gain +1 AC, +1 Slay, and +1 Int, capping at +7.
   When the wearer uses a scroll or a potion with a hostile monster in sight,
   its bonuses reset to +0.
   Unequipping it also resets its bonuses to +0.
   Int+2:     It affects your intelligence (+2).
   Slay+2:    It affects your accuracy & damage with ranged weapons and melee
   (+2).
   Clar:      It protects you from confusion, rage, mesmerisation and fear.
Jewellery
 l - a ring of poison resistance (left hand)
 p - a +6 ring of dexterity
 y - a ring of positive energy (right hand)
Talismans
 o - a flux talisman
 q - a blade talisman
Wands
 a - a wand of polymorph (6)
 B - a wand of acid (9)
Scrolls
 e - 2 scrolls of teleportation {unknown}
 f - a scroll of enchant armour {unknown}
 g - 5 scrolls of identify {unknown}
 h - 5 scrolls of immolation {unknown}
 k - a scroll of blinking {unknown}
 m - 2 scrolls of revelation {unknown}
 x - 3 scrolls of noise {unknown}
 D - a scroll of fog {unknown}
Potions
 d - 3 potions of might
 j - a potion of attraction {unknown}
 n - a potion of degeneration {unknown}
 s - 6 potions of curing {unknown}
 w - a potion of lignification {unknown}
 E - a potion of cancellation {unknown}
 F - a potion of heal wounds {unknown}
 G - a potion of ambrosia {unknown}


   Skills:
 + Level 4.9 Fighting
 + Level 4.4 Axes
 + Level 4.4 Armour
 + Level 4.9 Shields
 + Level 4.2 Spellcasting
 + Level 3.6 Evocations


You had 15 spell levels left.
You didn't know any spells.
Your spell library contained the following spells:

 Spells                   Type           Power      Damage    Failure   Level
 Wereblood                Tmut           2%         N/A       43%         2
 Irradiate                Conj/Tmut      1%         3d12      100%        5


Dungeon Overview and Level Annotations

Branches:
Dungeon (7/15)             Temple (1/1) D:5

Altars:
Ashenzari
Cheibriados
Dithmenos
Fedhas
Gozag
Hepliaklqana
Kikubaaqudgha
Makhleb
Nemelex Xobeh
Okawaru
Qazlal
Ru
Sif Muna
Trog
Uskayaw
Vehumet
Wu Jian
Xom
Yredelemnul
Zin
The Shining One

Shops:
D:3 [


Innate Abilities, Weirdness & Mutations

You have razor-sharp teeth.
Your natural rate of healing is unusually fast.
When hurt, damage is shared between your health and your magic reserves.
Your bite disrupts and absorbs the magic of your enemies.
Potions cannot restore your health.


Message History

No target in view!
Unknown command.
You now have 496 gold pieces (gained 18).
You see here a +0 giant spiked club.
You see here a +0 giant spiked club.
You see here the +0 robe of the Crypt {rElec}.
Found a stone staircase leading down.
Found a stone staircase leading up.
There is a stone staircase leading down here.
There is a stone staircase leading up here.
You now have 505 gold pieces (gained 9).
Done exploring.
Done exploring.
There is a stone staircase leading down here.
You climb downwards.
The kobold shouts!
The acid dragon roars!
The kobold shouts!
You hear a shout!
Found a curved gold wand.
There is a stone staircase leading up here.
You barely miss the acid dragon.
You bite the acid dragon, but do no damage.
The kobold throws a poisoned dart.
You block the poisoned dart. The acid dragon barely misses you. x2
You block the acid dragon's attack.
The acid dragon claws you but does no damage.
You climb upwards.
There is a stone staircase leading down here.
You completely miss the acid dragon. You bite the acid dragon.
You drain its power.
The acid dragon is lightly wounded.
The acid dragon spits acid at you. The splash of acid hits you!!
The acid corrodes you! The acid dragon spits acid at you.
The splash of acid hits you! The acid corrodes you!
You slash the acid dragon!
The acid dragon is heavily wounded.
The acid dragon bites you. The acid dragon claws you.
The acid dragon spits acid at you. The splash of acid hits you!!
You die...
Your body crumbles into a pile of gold.

......##...##8###8#.##.......#
########............##.......#
#⌠............#####.####
##............####..#
#...##8###8###....##
##...#########..#### ######8...8#
#..##.## ##8#..##...## ##.##.###
.....###...# #@D.....#
.....###...#####.......##########
......#8...8#...........<##......
##8#####...##..........#.##......
##### #......##.......#.........
#...# ##.....##.........#.......
###.# ###...##...........######
#.## #............##### ###..##
#...##..(....##


You could see an acid dragon (catching breath).

Vanquished Creatures
  Grinder (D:6)
  A steam dragon (D:6)
  A water moccasin (D:6)
  A black bear (D:6)
  An ogre (D:6)
  2 phantoms
  A bullfrog (D:6)
  A scorpion (D:6)
  A howler monkey (D:4)
  3 hounds
  A jelly (D:6)
  A gnoll bouda (D:5)
  3 orc priests
  A sleepcap (D:4)
  3 iguanas
  6 orc wizards
  Robin (D:3)
  7 adders
  6 gnolls
  A shadow imp (D:6)
  2 white imps
  An ufetubus (D:6)
  4 worms
  14 orcs
  3 ball pythons
  5 endoplasms
  A giant cockroach (D:1)
  13 goblins
  3 hobgoblins
  8 kobolds
  4 quokkas
  5 bats
  A frilled lizard (D:1)
  5 rats
112 creatures vanquished.

Notes
Turn   | Place    | Note
-------+----------+-------------------------------------------
     0 | D:1      | Descartes the Vine Stalker Fighter began the quest for the
                  | Orb.
     0 | D:1      | Reached XP level 1. HP: 11/11 MP: 2/2
   164 | D:1      | Reached XP level 2. HP: 16/16 MP: 3/3
   812 | D:2      | Reached XP level 3. HP: 19/19 MP: 5/5
   860 | D:2      | Reached skill level 1 in Spellcasting
  1154 | D:2      | Found a shimmering blue altar of Sif Muna.
  1616 | D:3      | Identified the +0 robe of the Crypt {rElec}
  1745 | D:3      | Reached skill level 1 in Evocations
  1765 | D:3      | Found a shimmering altar of Xom.
  1775 | D:3      | Noticed Robin
  1785 | D:3      | Killed Robin
  1786 | D:3      | Gained mutation: Your natural rate of healing is unusually
                  | fast. [Vine Stalker growth]
  1786 | D:3      | Reached XP level 4. HP: 13/24 MP: 3/7
  1921 | D:3      | Found Kogapt's Antique Armour Boutique.
  2170 | D:3      | Reached XP level 5. HP: 20/22 MP: 8/8
  2457 | D:4      | Noticed a phantom
  2472 | D:4      | Killed a phantom
  2736 | D:4      | Reached XP level 6. HP: 25/32 MP: 6/10
  2869 | D:4      | Found an ancient bone altar of Kikubaaqudgha.
  3106 | D:5      | Entered Level 5 of the Dungeon
  3152 | D:5      | Found a staircase to the Ecumenical Temple.
  3173 | Temple   | Entered the Ecumenical Temple
  3191 | Temple   | Became a worshipper of Gozag Ym Sagoz the Greedy
  3259 | D:5      | Reached XP level 7. HP: 36/37 MP: 11/11
  3430 | D:5      | Found an iron altar of Okawaru.
  3430 | D:5      | Found a runed translucent door.
  3436 | D:5      | Found the +0 toga "Victory" {*Victory Clar}
  3534 | D:5      | Found a glowing silver altar of Zin.
  4065 | D:6      | Gained mutation: You have razor-sharp teeth. [Vine Stalker
                  | growth]
  4065 | D:6      | Reached XP level 8. HP: 42/42 MP: 12/14
  4182 | D:6      | Noticed Grinder
  4191 | D:6      | Killed Grinder
  4818 | D:6      | Killed from afar by an acid dragon

Illustrated notes

Levels and vault maps discovered:
D:1:      psy_arrival_fountain, layout_basic, minmay_misc_feat_alley
D:2:      layout_basic, basic_altar
D:3:      layout_basic, xom_teletrap_fun, serial_shops,
          nicolae_shop_pleasant_corner_grove, uniq_robin
D:4:      layout_loops_ring, nicolae_overflow_crystal_walls,
          minmay_misc_feat_enclosed, kennysheep_potato
D:5:      layout_rooms, nicolae_overflow_guarded_unrand_okawaru_victory,
          zin_treasury, minmay_temple_entry_large_hall, skrybe_limestone_x
D:6:      layout_rooms, serial_corexii_hall, corexii_hall_statues_t,
          corexii_hall_statues_l, nicolae_sextant, uniq_grinder
D:7:      layout_basic, serial_shops, kennysheep_mini
Temple:   nicolae_temple_bog_church

Skill      XL: |  1  2  3  4  5  6  7  8 |
---------------+-------------------------+-----
Axes           | 2 3 4 |  4.4
Spellcasting   | 1 2 3 4 |  4.2
Shields        | 3 4 |  4.9
Evocations     | 1 2 3 |  3.6
Fighting       | 3 4 |  4.9
Armour         | 3 4 |  4.4

Action                     |  1- 3 |  4- 6 |  7- 9 || total
---------------------------+-------+-------+-------++-------
  Melee: War axe           |    83 |    88 |    97 ||   268
         Bite              |    16 |    24 |    25 ||    65
   Stab: Distracted        |       |       |     1 ||     1
 Armour: Scale mail        |    45 |     3 |       ||    48
         Plate armour      |       |    64 |    50 ||   114
         Robe              |       |       |    21 ||    21
  Dodge: Dodged            |    45 |    21 |    56 ||   122
  Block: Buckler           |    18 |    16 |    37 ||    71

Table legend: (Time is in decaauts)
 A = Elapsed time spent in this place.
 B = Non-inter-level travel time spent in this place.
 C = Inter-level travel time spent in this place.
 D = Time resting spent in this place.
 E = Time spent auto-exploring this place.
 F = Levels seen in this place.
 G = Mean time per level.
                   A        B        C        D        E       F      G
               +--------+--------+--------+--------+--------+-----+--------+
         Total |   5016 |   4850 |    166 |      0 |   3848 |   8 |  627.0 |
       Dungeon |   4986 |   4837 |    149 |      0 |   3839 |   7 |  712.3 |
        Temple |     29 |     12 |     17 |      0 |      9 |   1 |   29.0 |
               +--------+--------+--------+--------+--------+-----+--------+

Top non-repeatable levels by time:
     D:6: 973 daAuts
     D:3: 855 daAuts
     D:4: 831 daAuts
     D:2: 811 daAuts
     D:1: 804 daAuts
     D:5: 706 daAuts
  Temple: 29 daAuts
     D:7: 3 daAuts
